 Dungeon Crawl Stone Soup version 0.31-a0-1267-gfedaa18 (webtiles) character file.

Game seed: 10188071053036679994

42 sli1 the Scratcher (level 3, -4/10 HPs)
             Began as a Felid Shapeshifter on Dec 16, 2023.
             Killed from afar by a dart slug (5 damage)
             ... with a slug dart
             ... on level 2 of the Dungeon.
             The game lasted 00:02:18 (1005 turns).

sli1 the Scratcher (Felid Shapeshifter)             Turns: 1005, Time: 00:02:19

Health: -4/10      AC:  1    Str: 10    XL:     3   Next: 35%
Magic:  4/4        EV: 22    Int: 13    God:
Gold:   52         SH:  0    Dex: 17    Spells: 2/2 levels left
                                        Lives:  0   Deaths: 1

rFire   . .          .
                       - Unarmed
rCold   . . .        (shield unavailable)
rNeg    . . .        (body armour unavailable)
rPois   .            (helmet unavailable)
rElec   .            (cloak unavailable)
rCorr   .            (gloves unavailable)
SInv    +            (boots unavailable)
Will    .....        (no amulet)
Stlth   +            (no ring)
HPRegen 0.21/turn    (no ring)
MPRegen 0.09/turn

%: no passive effects
@: flux-form, glowing
A: glow, contaminating, reduced hp, very small, claws 1, fangs 3, see invisible,
shaggy fur 1, stealthy paws, no weapons or thrown items, no armour, multi-lived
a: Begin Untransformation


You were on level 2 of the Dungeon.
You were something dangerously unstable.
You visited 1 branch of the dungeon, and saw 2 of its levels.

You collected 52 gold pieces.

Inventory:

Talismans
 c - a flux talisman (active)
Scrolls
 f - a scroll of enchant weapon {unknown}
 g - a scroll of torment {unknown}
 i - a scroll of identify
 j - a scroll of fog {unknown}
Potions
 a - a potion of lignification
 d - a potion of heal wounds {unknown}
 e - 3 potions of attraction
 h - a potion of ambrosia {unknown}
 k - a potion of enlightenment {unknown}
 l - a potion of magic {unknown}
 m - a potion of brilliance {unknown}
 n - a potion of resistance {unknown}


   Skills:
 - Level 1.0 Fighting
 + Level 3.3 Dodging
 + Level 1.7 Stealth
 * Level 3.6 Unarmed Combat
 + Level 2.9 Shapeshifting


You had 2 spell levels left.
You didn't know any spells.
Your spell library was empty.

Dungeon Overview and Level Annotations

Branches:
Dungeon (2/15)

Altars:

Shops:
D:1 :


Innate Abilities, Weirdness & Mutations

You are something dangerously unstable.
You glow with magical radiation, making you easy to see and hit.
Foes you strike become dangerously contaminated with magical radiation.
Your maximum health is decreased, since you lack skill for your form.
You have sharp claws.
You have razor-sharp teeth.
You have supernaturally acute eyesight. (SInv)
You are covered in fur. (AC +1)
Your paws help you pounce on unaware monsters.
You are incapable of wielding weapons or throwing items.
You cannot wear armour.
You gain extra lives every three experience levels.


Message History

No target in view!
No target in view!
No target in view!
No target in view!
No target in view!
Key pressed, stopping explore.
A worm comes into view.
A worm is nearby!
A dart slug comes into view.
Found an escape hatch in the ceiling.
You scratch the worm.
The worm begins to glow.
You bite the worm.
The worm is moderately wounded.
The worm bites you!
Ouch! That really hurt!
* * * LOW HITPOINT WARNING * * *
You are too injured to fight recklessly!
You are too injured to fight recklessly!
You are too injured to fight recklessly!
You are too injured to fight recklessly!
You are too injured to fight recklessly!
You are too injured to fight recklessly!
You are too injured to fight recklessly!
You are too injured to fight recklessly!
You are too injured to fight recklessly!
You are too injured to fight recklessly!
You are too injured to fight recklessly!
You are too injured to fight recklessly!
You are too injured to fight recklessly!
You are too injured to fight recklessly!
You are too injured to fight recklessly!
You are too injured to fight recklessly!
You are too injured to fight recklessly!
You are too injured to fight recklessly!
You are too injured to fight recklessly!
You scratch the worm.
The worm glows dangerously bright.
The worm is heavily wounded.
The dart slug launches a dart at you. The slug dart hits you.
Ouch! That really hurt!
You die...

.............
.....#.......(..........
.....#....
.........รท..[
.......... .....##....#+
.........####...........
........................
#..................##...
<.....w........(....#...
......wp............#...
...#####....#.......#...
#....#.......#...
#....#####...#... #....#
#...#... #....# #...#...
#....# #...#... ######
#...#### #...#


You could see a worm (heavy contam) and a dart slug.

Vanquished Creatures
  An adder (D:2)
  2 dart slugs (D:2)
  7 endoplasms
  A giant cockroach (D:1)
  3 goblins
  2 hobgoblins (D:1)
  A kobold (D:1)
  3 ball pythons (D:1)
  2 bats (D:2)
  4 frilled lizards
  A rat (D:1)
27 creatures vanquished.

Notes
Turn   | Place    | Note
-------+----------+-------------------------------------------
     0 | D:1      | sli1 the Felid Shapeshifter began the quest for the Orb.
     0 | D:1      | Reached XP level 1. HP: 10/10 MP: 2/2
    55 | D:1      | Constricted to death by a ball python
    77 | D:1      | Reached XP level 2. HP: 14/14 MP: 3/3
    85 | D:1      | Reached skill level 1 in Stealth
   239 | D:1      | Found Lidah's Vocational Training.
   640 | D:2      | Reached XP level 3. HP: 17/18 MP: 4/4
  1005 | D:2      | Killed from afar by a dart slug

Illustrated notes

Levels and vault maps discovered:
D:1:      ebering_trefoil_3fold, layout_basic, nicolae_shop_vocational
D:2:      kennysheep_six_static_rooms, layout_basic,
          ebering_ecumenical_altar_rust, uniq_sigmund

Skill      XL: |  1  2 |
---------------+-------+-----
Stealth        | 1 |  1.7
Dodging        | 3 |  3.3
Fighting       | |  1.0
Unarmed Combat | |  3.6
Shapeshifting  | |  2.9

Action                     || total
---------------------------++-------
  Melee: Unarmed           ||    56
         Bite              ||     7
    Use: Scroll            ||     1
   Stab: Distracted        ||     1
         Sleeping          ||     2
 Armour: Skin              ||    13
  Dodge: Dodged            ||    35
   Form: Flux              ||     1

Table legend: (Time is in decaauts)
 A = Elapsed time spent in this place.
 B = Non-inter-level travel time spent in this place.
 C = Inter-level travel time spent in this place.
 D = Time resting spent in this place.
 E = Time spent auto-exploring this place.
 F = Levels seen in this place.
 G = Mean time per level.
                   A        B        C        D        E       F      G
               +--------+--------+--------+--------+--------+-----+--------+
         Total |   1001 |    994 |      7 |    141 |    652 |   2 |  500.5 |
       Dungeon |   1001 |    994 |      7 |    141 |    652 |   2 |  500.5 |
               +--------+--------+--------+--------+--------+-----+--------+

Top non-repeatable levels by time:
     D:2: 550 daAuts
     D:1: 450 daAuts
